TOP OF THE 1ST |
Portland Angels batting - Pitching for Madison Brewers : LHP Gil Sanchez
|
Pitching: LHP Gil Sanchez
|
|
Batting: RHB Jose Garduno
|
0-0: Ball 1-0: Ball 2-0: SINGLE (Line Drive, 8LS, EV 113.8 MPH)
|
Batting: RHB Steve Neely
|
0-0: Ball 1-0: Ball 2-0: Fly out, F9 (Flyball, 89M, EV 94.4 MPH)
|
Batting: RHB Scott Webb
|
0-0: Ball 1-0: Called Strike Pickoff Throw by Catcher to First - Out! 1-1: Foul Ball, location: 2F 1-2: Strikes out swinging
|
Top of the 1st over - 0 runs, 1 hit, 0 errors, 0 left on base; Portland 0 - Madison 0 |
BOTTOM OF THE 1ST |
Madison Brewers batting - Pitching for Portland Angels : RHP Lense Heus
|
Pitching: RHP Lense Heus
|
|
Batting: LHB Andy Buschlen
|
0-0: Ball 1-0: Swinging Strike 1-1: Ball 2-1: Swinging Strike 2-2: Strikes out swinging
|
Batting: LHB Jose Simental
|
0-0: Swinging Strike 0-1: Foul Ball, location: 2F 0-2: Strikes out looking
|
Batting: LHB Bill Kovac
|
0-0: Fly out, F5 (Popup, 5F, EV 80.0 MPH)
|
Bottom of the 1st over - 0 runs, 0 hits, 0 errors, 0 left on base; Portland 0 - Madison 0 |
TOP OF THE 2ND |
Portland Angels batting - Pitching for Madison Brewers : LHP Gil Sanchez
|
Batting: LHB Pavla Markianov
|
0-0: Fly out, F8 (Flyball, 8LM, EV 77.5 MPH)
|
Batting: RHB Alex Rosaly
|
0-0: Ball 1-0: Ball 2-0: Foul Ball, location: 2F 2-1: Ball 3-1: Fly out, F8 (Flyball, 8LD, EV 106.9 MPH)
|
Batting: LHB Kevin Feldman
|
0-0: Called Strike 0-1: Ball 1-1: Ground out 4-3 (Groundball, 4, EV 93.1 MPH)
|
Top of the 2nd over - 0 runs, 0 hits, 0 errors, 0 left on base; Portland 0 - Madison 0 |
BOTTOM OF THE 2ND |
Madison Brewers batting - Pitching for Portland Angels : RHP Lense Heus
|
Batting: RHB Frank Pena
|
0-0: Ball 1-0: Ground out 6-3 (Groundball, 6M, EV 108.1 MPH)
|
Batting: LHB Tony Hasbun
|
0-0: Swinging Strike 0-1: DOUBLE (Line Drive, 89D, EV 104.4 MPH)
|
Batting: RHB Fernando Mejia
|
0-0: Ball 1-0: Ball 2-0: Swinging Strike 2-1: Swinging Strike 2-2: Ground out 6-3 (Groundball, 6S, EV 69.4 MPH) Tony Hasbun to third
|
Batting: RHB Ben Follett
|
0-0: Ball 1-0: Ball 2-0: Ball 3-0: Foul Ball, location: 2F 3-1: Called Strike 3-2: Base on Balls
|
Batting: RHB Malcolm McCauley
|
0-0: Foul Ball, location: 2F 0-1: Called Strike 0-2: Ball 1-2: Foul Ball, location: 2F 1-2: Ball 2-2: Ball 3-2: Base on Balls Ben Follett to second
|
Batting: RHB Gil Sanchez
|
0-0: Swinging Strike 0-1: Fly out, F8 (Line Drive, 89D, EV 94.4 MPH)
|
Bottom of the 2nd over - 0 runs, 1 hit, 0 errors, 3 left on base; Portland 0 - Madison 0 |
TOP OF THE 3RD |
Portland Angels batting - Pitching for Madison Brewers : LHP Gil Sanchez
|
Batting: LHB Doug Nebel
|
0-0: Ball 1-0: Ball 2-0: Ball 3-0: Base on Balls
|
Batting: RHB Mario Martinez
|
0-0: Called Strike 0-1: Foul Ball, location: 2F 0-2: Fly out, F8 (Flyball, 8RD, EV 83.8 MPH)
|
Batting: LHB John Harvey
|
0-0: Foul Ball, location: 2F 0-1: Called Strike 0-2: Strikes out looking
|
Batting: RHB Jose Garduno
|
0-0: Ball 1-0: Called Strike 1-1: Swinging Strike 1-2: Ball 2-2: Foul Ball, location: 2F 2-2: DOUBLE (Line Drive, 9LD, EV 110.0 MPH) Doug Nebel to third
|
Batting: RHB Steve Neely
|
0-0: Ball 1-0: Swinging Strike 1-1: Swinging Strike 1-2: Strikes out swinging
|
Top of the 3rd over - 0 runs, 1 hit, 0 errors, 2 left on base; Portland 0 - Madison 0 |
BOTTOM OF THE 3RD |
Madison Brewers batting - Pitching for Portland Angels : RHP Lense Heus
|
Batting: LHB Andy Buschlen
|
0-0: Foul Ball, location: 2F 0-1: Bunt for hit to 15 - play at first, batter OUT! 1-3
|
Batting: LHB Jose Simental
|
0-0: Ball 1-0: Ball 2-0: Fly out, F7 (Flyball, 78D, EV 102.5 MPH)
|
Batting: LHB Bill Kovac
|
0-0: Called Strike 0-1: Ball 1-1: Foul Ball, location: 2F 1-2: Strikes out swinging
|
Bottom of the 3rd over - 0 runs, 0 hits, 0 errors, 0 left on base; Portland 0 - Madison 0 |
TOP OF THE 4TH |
Portland Angels batting - Pitching for Madison Brewers : LHP Gil Sanchez
|
Batting: RHB Scott Webb
|
0-0: Ball 1-0: Ball 2-0: SINGLE (Line Drive, 4D, EV 95.0 MPH)
|
Batting: LHB Pavla Markianov
|
0-0: Ball 1-0: Foul Ball, location: 2F 1-1: Called Strike 1-2: Ball 2-2: Fly out, F7 (Flyball, 7LM, EV 88.8 MPH)
|
Batting: RHB Alex Rosaly
|
0-0: Called Strike Scott Webb is caught stealing 2nd base 2-4 0-1: Foul Ball, location: 2F 0-2: Ball 1-2: Fly out, F9 (Line Drive, 9, EV 98.8 MPH)
|
Top of the 4th over - 0 runs, 1 hit, 0 errors, 0 left on base; Portland 0 - Madison 0 |
BOTTOM OF THE 4TH |
Madison Brewers batting - Pitching for Portland Angels : RHP Lense Heus
|
Batting: RHB Frank Pena
|
0-0: Ball 1-0: Foul Ball, location: 2F 1-1: Swinging Strike 1-2: Strikes out looking
|
Batting: LHB Tony Hasbun
|
0-0: Ball 1-0: Foul Ball, location: 2F 1-1: Swinging Strike 1-2: Foul Ball, location: 2F 1-2: Foul Ball, location: 2F 1-2: Ball 2-2: Ball 3-2: Strikes out swinging
|
Batting: RHB Fernando Mejia
|
0-0: Called Strike 0-1: Ball 1-1: Swinging Strike 1-2: Foul Ball, location: 2F 1-2: Ball 2-2: Ball 3-2: Strikes out swinging
|
Bottom of the 4th over - 0 runs, 0 hits, 0 errors, 0 left on base; Portland 0 - Madison 0 |
TOP OF THE 5TH |
Portland Angels batting - Pitching for Madison Brewers : LHP Gil Sanchez
|
Batting: LHB Kevin Feldman
|
0-0: Ball 1-0: Ball 2-0: Ball 3-0: Called Strike 3-1: Foul Ball, location: 2F 3-2: Base on Balls
|
Batting: LHB Doug Nebel
|
0-0: Called Strike 0-1: Ball 1-1: Ball 2-1: Foul Ball, location: 2F 2-2: Strikes out swinging
|
Batting: RHB Mario Martinez
|
0-0: Foul Ball, location: 2F 0-1: Ball 1-1: Ball 2-1: Ball 3-1: Base on Balls Kevin Feldman to second
|
Batting: LHB John Harvey
|
0-0: Called Strike 0-1: Fly out, F7 (Flyball, 78M, EV 91.2 MPH)
|
Batting: RHB Jose Garduno
|
0-0: Ball 1-0: Called Strike 1-1: Called Strike 1-2: Ball 2-2: Strikes out swinging
|
Top of the 5th over - 0 runs, 0 hits, 0 errors, 2 left on base; Portland 0 - Madison 0 |
BOTTOM OF THE 5TH |
Madison Brewers batting - Pitching for Portland Angels : RHP Lense Heus
|
Batting: RHB Ben Follett
|
0-0: Ball 1-0: Ball 2-0: Ball 3-0: Base on Balls
|
Batting: RHB Malcolm McCauley
|
0-0: Ball 1-0: Ground out 4-3 (Groundball, 34, EV 106.9 MPH) Ben Follett to second
|
Batting: RHB Gil Sanchez
|
0-0: Ball 1-0: Ball 2-0: Ball 3-0: Called Strike 3-1: TRIPLE (Flyball, 89XD, EV 108.8 MPH) Ben Follett scores
|
Batting: LHB Andy Buschlen
|
0-0: Ball 1-0: Ball 2-0: Called Strike 2-1: Called Strike 2-2: Foul Ball, location: 2F 2-2: Ball 3-2: Strikes out looking
|
Batting: LHB Jose Simental
|
0-0: Swinging Strike 0-1: Ball 1-1: Foul Ball, location: 2F 1-2: Ball 2-2: Strikes out swinging
|
Bottom of the 5th over - 1 run, 1 hit, 0 errors, 1 left on base; Portland 0 - Madison 1 |
TOP OF THE 6TH |
Portland Angels batting - Pitching for Madison Brewers : LHP Gil Sanchez
|
Batting: RHB Steve Neely
|
0-0: Ball 1-0: Ball 2-0: Foul Ball, location: 2F 2-1: Ball 3-1: Swinging Strike 3-2: Strikes out swinging
|
Pitching: RHP Angel Pacheco
|
|
Batting: RHB Scott Webb
|
0-0: Foul Ball, location: 2F 0-1: Ball 1-1: Ball 2-1: Foul Ball, location: 2F 2-2: Fly out, F7 (Flyball, 7, EV 72.5 MPH)
|
Batting: LHB Pavla Markianov
|
0-0: Ball 1-0: Foul Ball, location: 2F 1-1: Foul Ball, location: 2F 1-2: Foul Ball, location: 2F 1-2: Foul Ball, location: 2F 1-2: Ball 2-2: Strikes out swinging
|
Top of the 6th over - 0 runs, 0 hits, 0 errors, 0 left on base; Portland 0 - Madison 1 |
BOTTOM OF THE 6TH |
Madison Brewers batting - Pitching for Portland Angels : RHP Lense Heus
|
Pitching: LHP Jon Ray
|
|
Pinch Hitting: RHB Dustin Pryor
|
0-0: Ball 1-0: Ball 2-0: Called Strike 2-1: Foul Ball, location: 2F 2-2: Ball 3-2: Base on Balls
|
Batting: RHB Frank Pena
|
0-0: SINGLE (Groundball, 5S, EV 71.9 MPH) (infield hit) Dustin Pryor to second
|
Batting: LHB Tony Hasbun
|
0-0: Ball 1-0: Ball 2-0: Called Strike 2-1: Foul Ball, location: 2F 2-2: Strikes out looking
|
Batting: RHB Fernando Mejia
|
0-0: Ball 1-0: Foul Ball, location: 2F 1-1: Called Strike 1-2: SINGLE (Groundball, 6MD, EV 103.1 MPH) Dustin Pryor to third Frank Pena to second Runner from 3rd tries for Home, SAFE, throw by CF to home
|
Batting: RHB Ben Follett
|
0-0: Foul Ball, location: 2F 0-1: Called Strike 0-2: Ball 1-2: Ball 2-2: Strikes out swinging
|
Batting: RHB Malcolm McCauley
|
0-0: Ball 1-0: SINGLE (Flyball, 56D, EV 83.8 MPH) Frank Pena to third Fernando Mejia to second Runner from 3rd tries for Home, SAFE, throw by LF to home
|
Batting: RHB Gil Sanchez
|
0-0: Ball 1-0: SINGLE (Groundball, 6MD, EV 101.9 MPH) Fernando Mejia to third Malcolm McCauley to second Runner from 3rd tries for Home, SAFE, throw by CF to home
|
Pitching: RHP Marcell Luciano
|
|
Batting: LHB Andy Buschlen
|
0-0: Called Strike 0-1: Called Strike 0-2: Strikes out swinging
|
Bottom of the 6th over - 3 runs, 4 hits, 0 errors, 2 left on base; Portland 0 - Madison 4 |
TOP OF THE 7TH |
Portland Angels batting - Pitching for Madison Brewers : RHP Angel Pacheco
|
Now in LF: Sammar Wambugu
|
|
Batting: RHB Alex Rosaly
|
0-0: Called Strike 0-1: Ball 1-1: Ball 2-1: Fly out, F8 (Flyball, 8RS, EV 79.4 MPH)
|
Batting: LHB Kevin Feldman
|
0-0: Called Strike 0-1: Ball 1-1: Ball 2-1: Foul Ball, location: 2F 2-2: SINGLE (Groundball, 56S, EV 61.2 MPH) (infield hit)
|
Batting: LHB Doug Nebel
|
0-0: Ball 1-0: Swinging Strike 1-1: Ball 2-1: Ball 3-1: Foul Ball, location: 2F 3-2: Base on Balls Kevin Feldman to second
|
Pinch Hitting: SHB Cesar Carrasquillo
|
0-0: Ball 1-0: Ball 2-0: Called Strike 2-1: Ball 3-1: 3-RUN HOME RUN (Line Drive, 7D, EV 97.5 MPH), Distance : 366 ft
|
Pitching: LHP Ramiro Lunas
|
|
Pinch Hitting: RHB Jesse Sargent
|
0-0: DOUBLE (Line Drive, 78M, EV 106.9 MPH)
|
Pitching: LHP Josh Bowman
|
|
Pinch Hitting: RHB Shawn Jansen
|
0-0: Ball 1-0: Ball 2-0: Ball 3-0: Base on Balls
|
Pinch Hitting: LHB Jon Rahn
|
0-0: Ball 1-0: Swinging Strike 1-1: Foul Ball, location: 2F 1-2: Ball 2-2: Grounds into double play, 4-6-3 (Groundball, 4, EV 80.0 MPH)
|
Top of the 7th over - 3 runs, 3 hits, 0 errors, 1 left on base; Portland 3 - Madison 4 |
BOTTOM OF THE 7TH |
Madison Brewers batting - Pitching for Portland Angels : RHP Marcell Luciano
|
Pitching: LHP Frank Comerford
|
|
Now at 1B: Cesar Carrasquillo
|
|
Now at 2B: Alex Rosaly
|
|
Now at 3B: Jesse Sargent
|
|
Now at SS: Fernando Sosa
|
|
Now in CF: Dan Contreras
|
|
Batting: LHB Jose Simental
|
0-0: Foul Ball, location: 2F 0-1: Foul Ball, location: 2F 0-2: SINGLE (Groundball, 3S, EV 68.8 MPH) (infield hit)
|
Pitching: RHP Myeong-wan Kym
|
|
Batting: SHB Sammar Wambugu
|
0-0: Ball 1-0: Foul Ball, location: 2F 1-1: Called Strike 1-2: Ball 2-2: Foul Ball, location: 2F 2-2: Ball 3-2: Base on Balls Jose Simental to second
|
Batting: RHB Frank Pena
|
0-0: Called Strike 0-1: Ball 1-1: Foul Ball, location: 2F 1-2: Ball 2-2: Ball 3-2: Base on Balls Jose Simental to third Sammar Wambugu to second
|
Batting: LHB Tony Hasbun
|
0-0: Swinging Strike 0-1: Ball 1-1: Ball 2-1: SINGLE (Groundball, 6M, EV 105.0 MPH) Jose Simental scores Sammar Wambugu to third Frank Pena to second Runner from 3rd tries for Home, SAFE, throw by CF to home
|
Batting: RHB Fernando Mejia
|
0-0: Ball 1-0: Ball 2-0: Called Strike 2-1: Called Strike 2-2: Fly out, F7 (Flyball, 78M, EV 86.2 MPH)
|
Batting: RHB Ben Follett
|
0-0: Foul Ball, location: 2F 0-1: Ball 1-1: Ball 2-1: Swinging Strike 2-2: Strikes out looking
|
Batting: RHB Malcolm McCauley
|
0-0: Foul Ball, location: 2F 0-1: Foul Ball, location: 2F 0-2: Foul Ball, location: 2F 0-2: Ball 1-2: Ground out 6-3 (Groundball, 6S, EV 87.5 MPH)
|
Bottom of the 7th over - 2 runs, 2 hits, 0 errors, 2 left on base; Portland 3 - Madison 6 |
TOP OF THE 8TH |
Portland Angels batting - Pitching for Madison Brewers : LHP Josh Bowman
|
Batting: RHB Scott Webb
|
0-0: Hit by Pitch
|
Batting: LHB Pavla Markianov
|
0-0: Fly out, F6 (Line Drive, 6, EV 68.1 MPH)
|
Batting: RHB Alex Rosaly
|
0-0: Called Strike 0-1: Ball 1-1: Called Strike 1-2: Ball 2-2: Strikes out swinging
|
Batting: LHB Kevin Feldman
|
0-0: Called Strike 0-1: Ball 1-1: Swinging Strike 1-2: SINGLE (Line Drive, 78S, EV 91.2 MPH) Scott Webb to second Runner from 2nd tries for 3rd, SAFE, throw by LF made to third
|
Batting: LHB Doug Nebel
|
0-0: Ball 1-0: Ball 2-0: Foul Ball, location: 2F 2-1: SINGLE (Flyball, 3D, EV 100.6 MPH) Scott Webb scores Kevin Feldman to second Runner from 2nd tries for 3rd, OUT! 9-5
|
Top of the 8th over - 1 run, 2 hits, 0 errors, 1 left on base; Portland 4 - Madison 6 |
BOTTOM OF THE 8TH |
Madison Brewers batting - Pitching for Portland Angels : RHP Myeong-wan Kym
|
Batting: LHB Jesus Huante
|
0-0: Called Strike 0-1: Called Strike 0-2: Strikes out looking
|
Batting: LHB Andy Buschlen
|
0-0: Swinging Strike 0-1: Swinging Strike 0-2: Foul Ball, location: 2F 0-2: Strikes out swinging
|
Batting: LHB Jose Simental
|
0-0: Ball 1-0: Called Strike 1-1: Foul Ball, location: 2F 1-2: Foul Ball, location: 2F 1-2: Ball 2-2: Strikes out swinging
|
Bottom of the 8th over - 0 runs, 0 hits, 0 errors, 0 left on base; Portland 4 - Madison 6 |
TOP OF THE 9TH |
Portland Angels batting - Pitching for Madison Brewers : LHP Josh Bowman
|
Pitching: RHP Noah Peek
|
|
Batting: SHB Cesar Carrasquillo
|
0-0: Foul Ball, location: 2F 0-1: Called Strike 0-2: Ball 1-2: Foul Ball, location: 2F 1-2: Ball 2-2: Strikes out swinging
|
Batting: RHB Jesse Sargent
|
0-0: Ball 1-0: Ground out 1-3 (Groundball, 13, EV 73.1 MPH)
|
Pinch Hitting: LHB Lupe Garcia
|
0-0: Foul Ball, location: 2F 0-1: Ball 1-1: Foul Ball, location: 2F 1-2: Ball 2-2: Ball 3-2: Fly out, F8 (Flyball, 8LD, EV 97.5 MPH)
|
Top of the 9th over - 0 runs, 0 hits, 0 errors, 0 left on base; Portland 4 - Madison 6 |
|